Map: Odyssey LE

Players

Dessa

  • Race: Zerg Zerg
  • League: Diamond
  • Spawn Location: 11:00

Smouak - Winner!

  • Race: Terran Terran
  • Spawn Location: 5:00

VOD

Have the link to the VOD?

Description

Time

  • Played on: Dec. 8, 2017, 9:09 a.m.
  • Length: 14:00
Show
View Real Time Build Order
Export as new Build Order

Dessa Zerg 

Build Orders: Hatch First, Muta Ling Bane 

Get SALT Encoding   

  12  0:01  Drone  
  13  0:13  Overlord  
  13  0:17  Drone  
  14  0:31  Drone x2  
  16  0:36  Drone  
  17  0:46  Drone  
  18  0:59  Hatchery  
  18  1:00  Drone  
  18  1:14  Spawning Pool  
  18  1:15  Drone  
  18  1:20  Extractor  
  18  1:21  Drone  
  18  1:29  Overlord  
  18  1:40  Drone  
  19  1:50  Drone  
  20  2:02  Queen  
  20  2:05  Drone  
  23  2:12  Zergling x2  
  23  2:13  Drone, Queen  
  27  2:20  Metabolic Boost  
  27  2:28  Drone  
  27  2:29  Drone  
  29  2:33  Overlord  
  28  2:58  Overlord  
  28  3:02  Drone x4  
  31  3:28  Overlord  
  31  3:29  Zergling x2  
  31  3:30  Drone x3  
  31  3:31  Zergling x2  
  31  3:32  Zergling x2  
  31  3:34  Overlord  
  37  3:37  Lair  
  37  3:40  Drone x3, Extractor  
  39  4:07  Overlord  
  39  4:10  Drone x5, Extractor  
  39  4:11  Drone x2, Extractor  
  44  4:32  Drone x3, Baneling Nest  
  44  4:33  Overlord  
  44  4:36  Hatchery  
  44  4:37  Zergling x4  
  47  4:49  Drone  
  47  4:51  Spire  
  47  4:55  Drone  
  47  4:58  Drone x3, Overlord  
  51  5:00  Drone x2  
  53  5:19  Zergling x6  
  56  5:25  Overlord  
  56  5:27  Zergling x6  
  56  5:28  Zergling x2  
  60  5:33  Drone x2, Evolution Chamber  
  60  5:34  Evolution Chamber  
  60  5:37  Zergling x2  
  60  5:38  Zergling x4  
  63  5:49  Queen  
  65  6:00  Zerg Ground Armor Level 1, Zerg Melee Weapons Level 1  
  65  6:01  Centrifical Hooks  
  65  6:03  Drone  
  65  6:04  Drone x3  
  63  6:18  Zergling x8  
  59  6:19  Zergling x8  
  59  6:24  Zergling x10  
  67  6:29  Overlord  
  65  6:34  Zergling x6  
  64  6:46  Queen  
  64  6:47  Queen  
  64  6:48  Mutalisk x5  
  76  7:03  Mutalisk x5  
  86  7:13  Drone x4  
  90  7:27  Mutalisk x2  
  94  7:40  Drone x3  
  94  7:41  Overlord  
  94  7:42  Extractor, Overlord  
  94  7:43  Drone x2, Extractor  
  97  7:46  Baneling x5  
  97  7:47  Baneling x4  
  97  8:06  Zergling x12  
  103  8:14  Overlord  
  103  8:15  Zergling x4  
  103  8:16  Zergling x10  
  103  8:19  Overlord x2  
  106  8:39  Zergling x6  
  106  8:40  Zergling x4  
  111  8:41  Baneling x2  
  111  8:42  Baneling x9  
  111  8:43  Baneling  
  111  8:45  Mutalisk x3  
  117  8:48  Overlord  
  117  8:52  Drone x2  
  117  8:53  Drone x7  
  117  8:54  Infestation Pit  
  125  8:57  Overlord  
  125  9:21  Zergling x6  
  128  9:24  Overseer  
  128  9:27  Zergling x4  
  128  9:28  Zergling x6  
  131  9:53  Overlord x2  
  131  9:54  Mutalisk x2  
  131  9:55  Zergling x6  
  131  9:56  Zergling x6  
  141  10:04  Mutalisk x2  
  123  10:35  Zergling x2  
  102  10:36  Zergling x22  
  109  10:58  Zergling x6  
  109  10:59  Zergling x4  
  102  11:28  Zergling x16  
  102  11:29  Zergling x2  
  97  11:33  Drone x3  
  99  11:46  Zergling x10  
  104  11:48  Hatchery  
  104  11:50  Extractor  
  104  11:52  Extractor  
  104  11:53  Baneling x8  
  104  11:54  Baneling x2, Zergling x4  
  103  12:03  Zergling x14  
  103  12:04  Zergling x6  
  113  12:13  Pneumatized Carapace  
  82  12:33  Zergling x10  
  77  12:37  Zergling x14  
  77  12:38  Zergling x8  
  87  12:45  Zergling x2  
  88  13:05  Zergling x2  
  87  13:06  Zergling x18  
  87  13:09  Baneling x6  
  87  13:10  Baneling x5, Zergling x2  
  87  13:11  Zergling x2  
Show
View Real Time Build Order
Export as new Build Order

Smouak Terran - Winner!

Build Orders: Reaper Expand, MMM Bio 

Get SALT Encoding   

  12  0:00  SCV  
  13  0:13  SCV  
  14  0:17  Supply Depot  
  14  0:25  SCV  
  14  0:27  Refinery  
  15  0:41  Barracks  
  15  0:45  SCV  
  16  0:57  SCV  
  17  1:10  SCV  
  18  1:23  SCV  
  19  1:30  Reaper  
  20  1:35  Orbital Command  
  20  1:46  Command Center  
  20  1:56  Factory  
  20  2:09  Barracks Reactor  
  20  2:11  Supply Depot  
  20  2:13  SCV  
  21  2:26  SCV  
  22  2:30  Barracks  
  22  2:38  SCV  
  23  2:50  SCV  
  23  2:51  Marine x2  
  26  2:59  Starport  
  26  3:02  SCV, Orbital Command, Factory Reactor  
  27  3:08  Marine  
  27  3:09  Refinery  
  27  3:11  Marine  
  29  3:14  SCV  
  30  3:26  SCV, Marine  
  32  3:29  Marine  
  32  3:30  Barracks Tech Lab  
  32  3:32  SCV  
  34  3:38  SCV  
  35  3:44  SCV, Marine  
  35  3:47  Marine  
  38  3:49  Stimpack  
  38  3:50  SCV  
  39  3:56  SCV  
  39  4:02  SCV, Marine  
  42  4:05  Marine  
  42  4:08  SCV  
  42  4:09  Marauder  
  46  4:15  Supply Depot  
  46  4:17  Supply Depot  
  46  4:20  Engineering Bay  
  46  4:22  Engineering Bay  
  46  4:36  Medivac x2, Marine x2  
  46  4:37  SCV x2  
  54  4:44  Supply Depot  
  56  4:47  Widow Mine  
  56  4:49  SCV x2  
  57  4:54  Marine  
  57  4:57  Terran Infantry Weapons Level 1  
  58  5:01  SCV x2  
  58  5:02  Marine  
  58  5:04  Terran Infantry Armor Level 1  
  61  5:07  Refinery  
  61  5:12  Marine  
  61  5:13  SCV  
  63  5:15  Command Center  
  63  5:26  SCV x2  
  63  5:27  Marauder  
  69  5:33  Marine  
  69  5:34  Widow Mine  
  70  5:41  Refinery  
  70  5:46  Supply Depot x2  
  70  5:50  SCV x2, Medivac, Marine  
  70  5:55  Combat Shields  
  75  5:58  Marine x2  
  75  6:02  SCV x2  
  79  6:14  SCV x2  
  72  6:22  Marine x3  
  72  6:25  Medivac x2  
  77  6:26  SCV x2  
  81  6:33  Widow Mine  
  81  6:47  SCV  
  81  6:48  Orbital Command  
  81  6:52  Armory  
  82  6:55  Supply Depot  
  82  6:56  Supply Depot x2  
  82  6:57  Barracks  
  82  6:58  Factory Reactor, Barracks  
  82  6:59  Medivac x2  
  82  7:00  SCV x2, Marauder, Barracks  
  90  7:01  Marine  
  91  7:17  SCV x2  
  91  7:20  Supply Depot  
  91  7:22  Supply Depot  
  93  7:26  Marine x3  
  93  7:29  SCV  
  97  7:30  Medivac x2  
  103  7:44  Marauder  
  101  8:03  Marine x2  
  103  8:06  Widow Mine, Orbital Command, Marine  
  103  8:07  Widow Mine  
  103  8:09  Barracks Tech Lab  
  103  8:10  Barracks Tech Lab, Barracks Reactor  
  103  8:18  Missile Turret  
  103  8:20  Missile Turret  
  103  8:32  Missile Turret  
  101  8:36  Marine x2  
  101  8:39  Concussive Shells  
  105  8:41  Marauder  
  105  8:43  Medivac x2, Marauder  
  105  8:47  Marauder  
  105  8:48  SCV x3  
  118  8:54  Widow Mine  
  118  8:55  Widow Mine  
  118  9:00  SCV, Missile Turret  
  117  9:08  Marauder  
  118  9:19  Marine x3  
  118  9:20  Marauder x2, Marine  
  118  9:23  Missile Turret  
  128  9:28  Widow Mine  
  128  9:30  Marauder  
  130  9:34  Missile Turret  
  130  9:37  Marine  
  130  9:38  Missile Turret  
  129  9:39  SCV  
  129  9:44  Terran Infantry Weapons Level 2  
  125  9:54  Marine x4  
  125  9:55  Marine x3  
  128  10:08  Supply Depot  
  128  10:09  Supply Depot  
  128  10:10  Engineering Bay  
  128  10:12  Marine x4  
  132  10:26  Liberator x2  
  103  10:39  Marine x4  
  103  10:40  Marine x3  
  117  10:48  SCV x3  
  117  10:49  Widow Mine x2  
  122  10:56  Marine  
  122  10:57  Marine x3  
  121  10:58  Marauder x3  
  121  11:00  SCV x3  
  125  11:09  Liberator  
  125  11:12  SCV x3  
  125  11:14  Marine x3  
  125  11:15  Marine  
  132  11:20  Marauder x3  
  132  11:24  SCV  
  132  11:25  Widow Mine x2  
  133  11:29  Medivac  
  133  11:32  Marine x4  
  119  11:49  Marauder x3  
  119  11:50  Marine x4  
  119  11:53  Widow Mine  
  119  11:54  Widow Mine  
  129  11:56  SCV  
  129  11:57  SCV x2  
  132  12:08  SCV, Marine x4  
  134  12:09  SCV  
  134  12:10  Marauder x3  
  144  12:19  SCV  
  145  12:25  Marine  
  130  12:31  Marauder x2  
  130  12:32  Marauder  
  130  12:36  Marine x3  
  118  12:43  Marine  
  121  12:44  Medivac x2  
  121  12:51  Widow Mine x2  
  125  12:52  SCV x2, Marine x3  
  125  12:54  Marine x3  
  125  12:57  Liberator x2  
  132  13:09  Command Center  
  132  13:10  Marauder  
  136  13:15  Marine x3  
  136  13:16  Marine, Marauder x2  
  136  13:19  Widow Mine  
  149  13:31  Marine  
  149  13:33  Marine x3  
  149  13:34  Marine  
  151  13:37  Marauder  
  151  13:38  Marauder  
Tags
 
League
Diamond
Matchup
TvZ
Replay Pack
2017S4
Spawn Locations
Cross Positions
Add a new tag
Caveats
  • Supply blocks, unpowered buildings, or Contaminate may cause inaccurate times.
  • Supply counts are checked every 10 seconds.